 Dungeon Crawl Stone Soup version 0.17-a0-896-g249456b (webtiles) character file.

106 talyn the Insei (level 4, -1/34 HPs)
             Began as a Merfolk Transmuter on May 1, 2015.
             Killed from afar by Sigmund (3 damage)
             ... with a wand of magic darts
             ... on level 3 of the Dungeon.
             The game lasted 00:04:19 (2365 turns).

talyn the Insei (Merfolk Transmuter)                Turns: 2365, Time: 00:04:19

Health: -1/34      AC:  3    Str: 10    XL:     4   Next: 84%
Magic:  7/7        EV: 13    Int: 13    God:
Gold:   38         SH:  0    Dex: 14    Spells: 2 memorised, 3 levels left

rFire  . . .     SeeInvis +       - Unarmed
rCold  . . .     Clarity  .     b - +0 robe
rNeg   . . .     SustAb   .     (no shield)
rPois  .         Gourm    .     j - +0 helmet
rElec  .         Spirit   .     (no cloak)
rCorr  .         Warding  .     (no gloves)
rMut   .         Stasis   .     (no boots)
MR     .....                    (no amulet)
Stlth  +.........               (no ring)
                                f - ring of see invisible

@: not resistant to hostile enchantments, very unstealthy
A: change form in water, swift swim
a: no special abilities


You were on level 3 of the Dungeon.
You were not hungry.

You visited 1 branch of the dungeon, and saw 3 of its levels.

You collected 38 gold pieces.

Inventory:

Armour
 b - a +0 robe (worn)
 j - a +0 helmet (worn)
Jewellery
 f - a ring of see invisible (left hand)
Scrolls
 g - a scroll of identify
Potions
 a - a potion of resistance {unknown}
 d - a potion of brilliance {unknown}
 e - a potion of curing
 h - a potion of cure mutation {unknown}
 m - a potion of ambrosia {unknown}
Books
 c - a book of Changes

   Spells                             Type                      Level
   a - Beastly Appendage              Transmutation                1
   b - Sticks to Snakes               Transmutation                2
   c - Spider Form                    Transmutation/Poison         3
   d - Ice Form                       Ice/Transmutation            4
   e - Blade Hands                    Transmutation                5
Comestibles
 k - a bread ration
 n - 3 fruits


   Skills:
 + Level 2.9 Fighting
 + Level 3.6 Dodging
 * Level 4.7 Unarmed Combat
 - Level 2.0 Spellcasting
 - Level 2.6 Transmutations


You had 3 spell levels left.
You knew the following spells:

 Your Spells              Type           Power        Failure   Level  Hunger
a - Beastly Appendage     Trmt           #.....       10%         1    ##.....
b - Spider Form           Trmt/Pois      #.........   52%         3    ####...


Dungeon Overview and Level Annotations

Branches:
Dungeon (3/15)

Altars:

Annotations:
D:3 Sigmund


Message History

You kill the hobgoblin!
No target in view!
g - a scroll of identify You see here a club.
Sigmund the Dreaded comes into view.
He is wielding a scythe.
Sigmund zaps a wand.
The magic dart hits you!
It is a wand of magic darts.
Found 10 gold pieces.
Sigmund zaps a wand.
The magic dart hits you!
Found a stone staircase leading up.
Sigmund flickers, as though insubstantial.
Sigmund zaps a wand.
The magic dart hits you!
* * * LOW HITPOINT WARNING * * *
A jackal comes into view.
The jackal barks!
The jackal moves out of view.
Sigmund zaps a wand.
The magic dart hits you!
* * * LOW HITPOINT WARNING * * *
2 jackals come into view.
You closely miss Sigmund.
The jackal moves out of view.
Sigmund zaps a wand.
The magic dart hits you!
You die... h

##. h..# ##..#
.#.. ##...##.$<
.#........#
..........#
#........#
#.....@# #...@#
##.#.# #.#####.#.#
#.........#
#######...# #...#
#########...######
###
#........)........
..#
#.#######..#######
#.#


You could see Sigmund and 2 jackals.

Vanquished Creatures
  Jessica (D:3)
  3 adders (D:2)
  A worm (D:2)
  3 giant geckos
  A ball python (D:1)
  8 bats
  3 giant cockroaches
  10 goblins
  8 hobgoblins
  2 kobolds
  4 giant newts
  5 rats
49 creatures vanquished.

Notes
Turn   | Place    | Note
--------------------------------------------------------------
     0 | D:1      | talyn, the Merfolk Transmuter, began the quest for the Orb.
     0 | D:1      | Reached XP level 1. HP: 15/15 MP: 3/3
   306 | D:1      | Reached XP level 2. HP: 16/21 MP: 5/5
   815 | D:1      | Reached XP level 3. HP: 20/27 MP: 6/6
  1410 | D:2      | Reached skill level 4 in Unarmed Combat
  1744 | D:2      | Reached XP level 4. HP: 30/34 MP: 7/7
  2239 | D:3      | Noticed Jessica
  2255 | D:3      | Killed Jessica
  2261 | D:3      | Learned a level 3 spell: Spider Form
  2359 | D:3      | Noticed Sigmund
  2365 | D:3      | Killed from afar by Sigmund

Action                   |  1- 3 |  4- 6 || total
-------------------------+-------+-------++-------
Melee: Unarmed           |   148 |    66 ||   214
  Use: Scroll            |     1 |     4 ||     5
       Potion            |     1 |       ||     1
 Stab: Sleeping          |       |     1 ||     1
  Eat: Bread ration      |     1 |       ||     1
